 Dungeon Crawl Stone Soup version 0.27.0-1-g7a089689b8 (webtiles) character file.

Game seed: 5417371875968179740

95 Smaepdii the Poker (level 4, 0/35 HPs)
             Began as a Merfolk Gladiator on Aug 11, 2021.
             Slain by a goblin (1 damage)
             ... led by Robin
             ... on level 2 of the Dungeon.
             The game lasted 00:05:13 (1387 turns).

Smaepdii the Poker (Merfolk Gladiator)              Turns: 1387, Time: 00:05:14

Health: 0/35       AC:  4    Str: 14    XL:     4   Next: 65%
Magic:  4/4        EV: 14    Int:  7    God:
Gold:   75         SH:  0    Dex: 16    Spells: 3/3 levels left

rFire    . . .     SeeInvis .   a - +0 trident
rCold    . . .     Faith    .   (no shield)
rNeg     . . .     Spirit   .   b - +0 leather armour
rPois    +         Reflect  .   c - +0 helmet
rElec    .         Harm     .   (no cloak)
rCorr    .         Rampage  .   (no gloves)
Will     .....                  (no boots)
Stlth    +.........             (no amulet)
HPRegen  0.11/turn              e - ring of poison resistance
MPRegen  0.09/turn              (no ring)

@: no status effects
A: (nimble swimmer 2), mertail
a: no special abilities


You were on level 2 of the Dungeon.
You visited 1 branch of the dungeon, and saw 2 of its levels.

You collected 75 gold pieces.

Inventory:

Hand Weapons
 a - a +0 trident (weapon)
Missiles
 d - 2 throwing nets
 k - 12 poisoned darts (quivered)
Armour
 b - a +0 leather armour (worn)
 c - a +0 helmet (worn)
Jewellery
 e - a ring of poison resistance (left hand)
Scrolls
 f - a scroll of fog {unknown}
 g - a scroll of noise {unknown}
 h - a scroll of amnesia {unknown}
 j - a scroll of identify {unknown}
Potions
 i - a potion of might {unknown}


   Skills:
 + Level 3.1 Fighting
 * Level 6.1 Polearms
 - Level 2.1 Throwing
 + Level 4.9 Dodging


You had 3 spell levels left.
You didn't know any spells.
Your spell library was empty.

Dungeon Overview and Level Annotations

Branches:
Dungeon (2/15)

Altars:


Innate Abilities, Weirdness & Mutations

((You are quick and stealthy near water. (Stealth+, EV+, Speed+++)))
Your lower body shifts to a powerful aquatic tail in water.


Message History

The goblin shoots a stone.
The stone misses you.
The goblin unwields a +0 club.
The goblin wields a +0 hunting sling.
The goblin shoots a stone.
The stone hits you.
The goblin unwields a +0 hunting sling.
The goblin wields a +0 club.
The goblin hits you with a +0 club.
* * * LOW HITPOINT WARNING * * *
The goblin unwields a +0 hunting sling.
The goblin wields a +0 club.
The goblin hits you with a +0 club.
* * * LOW HITPOINT WARNING * * *
Items here: ( )))) ††.
You hit the goblin.
The goblin is severely wounded.
The goblin hits you with a +0 club.
* * * LOW HITPOINT WARNING * * *
The goblin misses you.
You barely miss the goblin.
The goblin is severely wounded.
The goblin closely misses you. x2
You hit the goblin.
You kill the goblin!
The goblin hits you with a +0 club.
* * * LOW HITPOINT WARNING * * *
You hit the goblin.
The goblin is severely wounded.
The goblin closely misses you.
You barely miss the goblin.
The goblin is severely wounded.
The goblin hits you with a +0 club.
* * * LOW HITPOINT WARNING * * *
You closely miss the goblin.
The goblin is severely wounded.
The goblin barely misses you.
You barely miss the goblin.
The goblin is severely wounded.
The goblin hits you with a +0 club.
* * * LOW HITPOINT WARNING * * *
You closely miss the goblin.
The goblin is severely wounded.
The goblin hits you with a +0 club.
You die...

..#.# #.##.## ## #.#.#
#.#.#.## # #. #g#.#
#..###.# #. #. #.#.#
####.#.## #..#. #g#.#
#........ #..#.##g#.#
#.###.##. #....))g..#
#.##..##.
####..g#########.#...##.
+.....)@................
####...#########.....##.
##.## #..#.###. #.
#..#####. #< #........
## ##.###### #.# #.# #.#


You could see a goblin.

Vanquished Creatures
  A howler monkey (D:2)
  Robin (D:2)
  An adder (D:2)
  5 endoplasms (D:1)
  A giant cockroach (D:2)
  10 goblins
  A hobgoblin (D:2)
  3 jackals (D:2)
  2 quokkas (D:2)
  A ball python (D:2)
  3 bats
  5 frilled lizards
  4 rats
38 creatures vanquished.

Vanquished Creatures (others)
  4 toadstools (D:1)
4 creatures vanquished.

Grand Total: 42 creatures vanquished

Notes
Turn   | Place    | Note
-------+----------+-------------------------------------------
     0 | D:1      | Smaepdii the Merfolk Gladiator began the quest for the Orb.
     0 | D:1      | Reached XP level 1. HP: 16/16 MP: 1/1
   358 | D:1      | Reached XP level 2. HP: 18/23 MP: 2/2
   972 | D:2      | Reached skill level 5 in Polearms
   995 | D:2      | Reached XP level 3. HP: 24/28 MP: 3/3
  1156 | D:2      | Reached XP level 4. HP: 35/35 MP: 4/4
  1351 | D:2      | Noticed Robin
  1359 | D:2      | Killed Robin
  1360 | D:2      | Reached skill level 6 in Polearms
  1386 | D:2      | HP: 1/35 [goblin[Robin] (2)]
  1387 | D:2      | Slain by a goblin

Illustrated notes

Levels and vault maps discovered:
D:1:      ldierk_walled_garden_2, layout_loops_ring,
          chequers_hall_statues_wall_a, minmay_lizard_pond
D:2:      layout_loops_corners, ebering_ecumenical_altar_mist, uniq_robin

Skill      XL: |  1  2  3  4 |
---------------+-------------+-----
Polearms       | 5 6 |  6.1
Fighting       | 3 |  3.1
Throwing       | |  2.1
Dodging        | |  4.9

Action                   |  1- 3 |  4- 6 || total
-------------------------+-------+-------++-------
Melee: Trident           |    72 |    36 ||   108
Throw: Dart              |     2 |     1 ||     3
       Throwing net      |     2 |       ||     2
 Stab: Sleeping          |     3 |       ||     3
Armor: Leather armour    |     9 |     7 ||    16
Dodge: Dodged            |    27 |    28 ||    55
